 Dungeon Crawl Stone Soup version 0.25.1-2-g60ff931df9 (webtiles) character file.

Game seed: 17471164494123571303

220 Peloso the Shield-Bearer (level 5, -6/48 HPs)
             Began as a Minotaur Fighter on Aug 25, 2020.
             Killed by divine providence
             ... invoked by an orc priest
              (13 damage)
             ... on level 4 of the Dungeon.
             The game lasted 00:06:36 (2497 turns).

Peloso the Shield-Bearer (Minotaur Fighter)         Turns: 2497, Time: 00:06:37

Health: -6/48      AC: 12    Str: 27    XL:     5   Next: 64%
Magic:  4/4        EV:  6    Int:  5    God:
Gold:   183        SH: 10    Dex: 10    Spells: 4/4 levels left

rFire    + . .     SeeInvis .   a - +1 long sword
rCold    . . .     Gourm    .   c - +0 kite shield
rNeg     + . .     Faith    .   w - +2 chain mail {rF+}
rPois    .         Spirit   .   (helmet restricted)
rElec    .         Reflect  .   (no cloak)
rCorr    .         Harm     .   t - +0 pair of gloves
MR       .....                  (no boots)
Stlth    ..........             (no amulet)
HPRegen  0.16/turn              u - +6 ring of strength
MPRegen  0.09/turn              o - ring of positive energy

@: mighty
A: retaliatory headbutt, horns 2
a: no special abilities


You were on level 4 of the Dungeon.
You were not hungry.

You visited 1 branch of the dungeon, and saw 4 of its levels.

You collected 183 gold pieces.

Inventory:

Hand Weapons
 a - a +1 long sword (weapon)
Armour
 b - a +0 scale mail
 c - a +0 kite shield (worn)
 t - a +0 pair of gloves (worn)
 w - a +2 chain mail of fire resistance (worn)
Jewellery
 i - an uncursed ring of ice
 o - a ring of positive energy (right hand)
 q - an uncursed ring of magical power
 s - an uncursed ring of protection from cold
 u - a +6 ring of strength (left hand)
Scrolls
 e - a scroll of remove curse
 h - a scroll of enchant weapon
 k - 3 scrolls of immolation
 l - 3 scrolls of identify
 n - a scroll of random uselessness
 p - 3 scrolls of fog
Potions
 r - 2 potions of cancellation
Comestibles
 f - 4 rations


   Skills:
 + Level 5.0 Fighting
 + Level 4.2 Long Blades
 + Level 4.2 Armour
 + Level 0.5 Dodging
 + Level 5.3 Shields


You had 4 spell levels left.
You didn't know any spells.
Your spell library was empty.

Dungeon Overview and Level Annotations

Branches:
Dungeon (4/15)
 Temple: D:4-7

Altars:
Dithmenos
Gozag
Nemelex Xobeh
Ru
Wu Jian

Annotations:
D:3 Sigmund
D:4 3 runed translucent doors, Delamore's ghost, novice GrFi; Pikel


Innate Abilities, Weirdness & Mutations

You reflexively headbutt those who attack you in melee.
You have a pair of horns on your head.


Message History

You block the orc's attack.
An orc comes into view. It is wielding a +0 short sword.
You feel very mighty all of a sudden. You block the orc's attack.
The orc priest begins to cast a cantrip, but forgets the words!
Okay, then.
You slash the orc!
You kill the orc!
The orc wizard casts a spell.
The orc wizard blinks!
The adder bites you but does no damage.
Your shield prevents you from hitting the orc priest.
The adder bites you but does no damage.
The orc priest casts a cantrip, but nothing happens.
You block the orc priest's attack.
You slash the orc priest! You headbutt the orc priest.
The orc priest is almost dead.
You block the adder's attack.
The orc priest mumbles some strange prayers to Beogh against you.
Beogh smites you!
You die...

#......)#.#.#..........
#.#....o...#..8..#K.
#.#o###...##.....##p
#.#.# ..##..#.#.. # #
#.#.# .##..##.##..
###.##.#o# .. .
#........# ..8.
######.####.o...
#.o@So..# #######..#


You could see 2 orc priests, an adder and an orc.

Vanquished Creatures
  A hound (D:2)
  A worker ant (D:4)
  A howler monkey zombie (D:2)
  6 adders
  A gnoll (D:4)
  A howler monkey skeleton (D:4)
  A worm (D:2)
  A dart slug (D:1)
  A leopard gecko (D:2)
  6 orcs
  A bat skeleton (D:2)
  2 giant cockroaches
  5 goblins
  8 hobgoblins
  7 jackals
  8 kobolds
  4 bats (D:1)
  2 frilled lizards (D:2)
  A jackal skeleton (D:2)
  A leopard gecko zombie (D:2)
  A quokka skeleton (D:2)
  11 rats
71 creatures vanquished.

Notes
Turn   | Place    | Note
-------+----------+-------------------------------------------
     0 | D:1      | Peloso the Minotaur Fighter began the quest for the Orb.
     0 | D:1      | Reached XP level 1. HP: 19/19 MP: 0/0
   116 | D:1      | Reached XP level 2. HP: 27/27 MP: 1/1
   859 | D:2      | Reached XP level 3. HP: 26/33 MP: 2/2
  1047 | D:2      | Found an ornate altar of the Wu Jian Council.
  1470 | D:2      | Reached XP level 4. HP: 41/41 MP: 3/3
  1567 | D:2      | Reached skill level 5 in Shields
  1801 | D:2      | Found a sparkling altar of Nemelex Xobeh.
  1801 | D:2      | Found an opulent altar of Gozag.
  1880 | D:3      | Found a faded altar of an unknown god.
  1966 | D:3      | Reached XP level 5. HP: 42/47 MP: 4/4
  2144 | D:3      | Found a shadowy altar of Dithmenos.
  2171 | D:3      | Noticed Sigmund
  2368 | D:4      | Found a runed translucent gate.
  2368 | D:4      | Found a runed translucent gate.
  2379 | D:4      | Found a runed translucent gate.
  2380 | D:4      | Noticed Delamore's ghost (novice GrFi)
  2422 | D:4      | Found a sacrificial altar of Ru.
  2447 | D:4      | Noticed a slave
  2448 | D:4      | Noticed a slave
  2448 | D:4      | Noticed a slave
  2450 | D:4      | Reached skill level 5 in Fighting
  2450 | D:4      | Noticed Pikel
  2497 | D:4      | Killed from afar by an orc priest

Illustrated notes

Levels and vault maps discovered:
D:1:      co_arrival_square_in_a_square_in_a_square, layout_basic
D:2:      layout_loops_ring, nicolae_overflow_crystal_walls,
          grunt_temple_overflow_opulence, serial_undead, serial_undead_e,
          serial_undead_a, serial_undead_f, serial_undead_e, serial_undead_a,
          serial_undead_b
D:3:      layout_basic, nicolae_dithmenos_shadow_blocks,
          chequers_ecumenical_altar_simple_redux, first_ration, uniq_sigmund
D:4:      layout_basic, lemuel_doored_altar, minmay_temple_entry_waves,
          ebering_ghost_rock_garden, uniq_pikel

Skill      XL: |  1  2  3  4  5 |
---------------+----------------+-----
Fighting       | 4 5 |  5.0
Shields        | 4 5 |  5.3
Long Blades    | 3 4 |  4.2
Armour         | 4 |  4.2
Dodging        | |  0.5

Action                   |  1- 3 |  4- 6 || total
-------------------------+-------+-------++-------
Melee: Long sword        |    68 |    97 ||   165
       Headbutt          |    10 |    24 ||    34
  Use: Potion            |     2 |     1 ||     3
       Scroll            |       |     8 ||     8
  Eat: Chunk             |     2 |     3 ||     5
Armor: Scale mail        |    41 |    12 ||    53
       Plate armour      |       |    21 ||    21
       Chain mail        |       |    24 ||    24
Dodge: Dodged            |    20 |    31 ||    51
Block: Kite shield       |    53 |    80 ||   133
       Rpst.: Long sword |     9 |     8 ||    17
